 Dungeon Crawl Stone Soup version 0.29-a0-822-ga620ab95ad (webtiles) character file.

Game seed: 11704705886791479418

849 Lekart the Chopper (level 7, -11/91 HPs)
             Began as a White Draconian Fighter on July 8, 2022.
             Was an Initiate of Gozag.
             Mangled by an ogre
             ... wielding a +0 giant club
              (14 damage)
             ... on level 5 of the Dungeon.
             The game lasted 00:05:18 (4214 turns).

Lekart the Chopper (White Draconian Fighter)        Turns: 4214, Time: 00:05:18

Health: -11/91     AC: 23    Str: 19    XL:     7   Next: 69%
Magic:  7/7        EV:  2    Int: 13    God:    Gozag
Gold:   628        SH:  5    Dex:  9    Spells: 6/6 levels left

rFire   . . .      SeeInvis .   a - +0 war axe
rCold   . . .      Faith    .   b - +1 buckler
rNeg    . . .      Spirit   .   (body armour unavailable)
rPois   +          Reflect  .   (helmet currently unavailable)
rElec   .          Harm     .   (cloak currently unavailable)
rCorr   .          Rampage  .   (gloves currently unavailable)
Will    .....      NoTele   +   (boots currently unavailable)
Stlth   +.........              (no amulet)
HPRegen 0.25/turn               (no ring)
MPRegen 0.10/turn               (no ring)

@: lethally poisoned (-11 -> -13), short of breath, tree-form, gold aura
A: stationary, stasis, torment immunity, boosted hp, (breathe frost), AC +6,
unfitting armour, (cold resistance 1), (cold-blooded), clever 1, mutation
resistance 1
a: Renounce Religion, Potion Petition, Call Merchant, Bribe Branch


You were on level 5 of the Dungeon.
You worshipped Gozag.
Gozag was pleased with you.
You were a tree.
You visited 1 branch of the dungeon, and saw 5 of its levels.

You collected 628 gold pieces.

Inventory:

Hand Weapons
 a - a +0 war axe (weapon)
Armour
 b - a +1 buckler (worn)
 o - a +1 cloak (melded)
 p - a +1 pair of boots (melded)
Jewellery
 l - a ring of willpower
 q - a ring of positive energy
Scrolls
 d - 2 scrolls of teleportation
 f - a scroll of magic mapping
 j - 3 scrolls of fog
 k - a scroll of fear {unknown}
 n - a scroll of identify
Potions
 c - a potion of might
 e - 2 potions of lignification
 g - a potion of curing
 i - 2 potions of cancellation
 m - a potion of heal wounds


   Skills:
 + Level 5.1 Fighting
 + Level 6.1 Axes
 + Level 1.6 Throwing
 + Level 4.5 Dodging
 + Level 4.0 Shields


You had 6 spell levels left.
You didn't know any spells.
Your spell library was empty.

Dungeon Overview and Level Annotations

Branches:
Dungeon (5/15)
 Temple: D:4-7

Altars:
Gozag
Okawaru
Trog


Innate Abilities, Weirdness & Mutations

You are a tree.
Your roots penetrate the ground, keeping you stationary.
You cannot be teleported.
You are immune to unholy pain and torment.
Your maximum health is greatly increased.
Your equipment is partially melded.
((You can breathe waves of freezing cold which knock back foes.))
((Your icy white scales are hard. (AC +6)))
You cannot fit into any form of body armour.
((Your flesh is cold resistant. (rC+)))
((You are cold-blooded and may be slowed by cold attacks.))
Your mind is acute. (Int +4, Str/Dex -1)
You are somewhat resistant to further mutation.


Message History

The scorpion is severely wounded.
You hit the water moccasin but do no damage.
The water moccasin is no longer distracted by gold.
You feel sick.
The water moccasin bites you but does no damage.
The scorpion stings you but does no damage.
The water moccasin bites you but does no damage.
The orc hits you but does no damage.
You slash the scorpion!
You kill the scorpion!
You hit the water moccasin but do no damage.
You feel sick. You block the water moccasin's attack.
The orc hits you from afar with a +0 trident.
* * * LOW HITPOINT WARNING * * *
You hit the ogre.
The ogre is lightly wounded.
You hit the water moccasin.
You feel sick.
The water moccasin bites you but does no damage. x2
The ogre hits you with a +0 giant club!
* * * LOW HITPOINT WARNING * * *
The orc completely misses you.
You closely miss the ogre.
The ogre is lightly wounded.
You barely miss the water moccasin.
You feel sick. The water moccasin barely misses you.
The orc hits you but does no damage.
The water moccasin bites you but does no damage.
The ogre hits you with a +0 giant club.
* * * LOW HITPOINT WARNING * * *
You hit the ogre.
The ogre is moderately wounded.
You barely miss the water moccasin.
You feel sick.
The orc hits you from afar with a +0 trident.
* * * LOW HITPOINT WARNING * * *
The water moccasin bites you.
* * * LOW HITPOINT WARNING * * *
The water moccasin bites you.
* * * LOW HITPOINT WARNING * * *
The ogre hits you with a +0 giant club!
You die...
Your body crumbles into a pile of gold.

#####..............##
#########.......##
#........##
#.........#
##........#
#.......## #.....###
##..### #S♣# ##O# #o.
#(.. #.... ...(..
..(.... ........


You could see a water moccasin, an ogre and an orc.

Vanquished Creatures
  Grinder (D:3)
  A black bear (D:5)
  A phantom (D:4)
  A bullfrog (D:4)
  A scorpion (D:5)
  3 hounds
  An orc priest (D:5)
  Terence (D:2)
  Natasha (thrice) (D:2)
  7 adders
  2 worms (D:2)
  2 dart slugs
  13 orcs
  6 bats
  3 endoplasms
  A giant cockroach (D:1)
  6 goblins
  A hobgoblin (D:2)
  7 jackals
  5 quokkas
  3 ball pythons (D:2)
  A frilled lizard (D:2)
  4 kobolds
  2 rats
76 creatures vanquished.

Notes
Turn   | Place    | Note
-------+----------+-------------------------------------------
     0 | D:1      | Lekart the Draconian Fighter began the quest for the Orb.
     0 | D:1      | Reached XP level 1. HP: 19/19 MP: 1/1
    54 | D:1      | Found a faded altar of an unknown god.
    67 | D:1      | Prayed at the altar of an unknown god.
    67 | D:1      | Became a worshipper of Gozag Ym Sagoz the Greedy
   196 | D:1      | Reached XP level 2. HP: 25/26 MP: 2/2
  1117 | D:2      | Reached XP level 3. HP: 14/33 MP: 3/3
  1547 | D:2      | Noticed Terence
  1559 | D:2      | Killed Terence
  1560 | D:2      | Reached skill level 3 in Axes
  1560 | D:2      | Reached XP level 4. HP: 29/40 MP: 4/4
  1922 | D:2      | Noticed Natasha
  1931 | D:2      | Killed Natasha
  2012 | D:2      | Noticed Natasha
  2022 | D:2      | Killed Natasha
  2023 | D:2      | Reached XP level 5. HP: 45/46 MP: 5/5
  2086 | D:2      | Noticed Natasha
  2095 | D:2      | Killed Natasha
  2096 | D:2      | Reached skill level 4 in Axes
  2365 | D:2      | Gained mutation: Potions are less effective at restoring
                  | your health. [potion of mutation]
  2365 | D:2      | Gained mutation: You have hidden genetic defects. [potion
                  | of mutation]
  2365 | D:2      | Gained mutation: Your tail ends in a venomous barb. [potion
                  | of mutation]
  2366 | D:2      | Lost mutation: Potions are less effective at restoring your
                  | health. [potion of mutation]
  2366 | D:2      | Lost mutation: Your tail ends in a venomous barb. [potion
                  | of mutation]
  2366 | D:2      | Lost mutation: You have hidden genetic defects. [potion of
                  | mutation]
  2366 | D:2      | Gained mutation: Your magical capacity is low. (-10% MP)
                  | [potion of mutation]
  2366 | D:2      | Gained mutation: Your spells are a little easier to cast,
                  | but a little less powerful. [potion of mutation]
  2366 | D:2      | Gained mutation: You are somewhat resistant to further
                  | mutation. [potion of mutation]
  3015 | D:3      | Lost mutation: Your spells are a little easier to cast, but
                  | a little less powerful. [potion of mutation]
  3015 | D:3      | Lost mutation: Your magical capacity is low. (-10% MP)
                  | [potion of mutation]
  3015 | D:3      | Gained mutation: Your mind is acute. (Int +4, Str/Dex -1)
                  | [potion of mutation]
  3044 | D:3      | Noticed Grinder
  3060 | D:3      | Paralysed by Grinder for 4 turns
  3071 | D:3      | Paralysed by Grinder for 5 turns
  3076 | D:3      | Killed Grinder
  3077 | D:3      | Reached skill level 5 in Axes
  3077 | D:3      | Reached XP level 6. HP: 13/53 MP: 6/6
  3596 | D:4      | Your scales start taking on an icy white colour.
  3596 | D:4      | Reached XP level 7. HP: 59/60 MP: 7/7
  3596 | D:4      | Gained mutation: Your flesh is cold resistant. (rC+) [White
                  | Draconian growth]
  3977 | D:4      | Found an iron altar of Okawaru.
  3977 | D:4      | Found a bloodstained altar of Trog.
  4053 | D:5      | Entered Level 5 of the Dungeon
  4120 | D:5      | Reached skill level 5 in Fighting
  4120 | D:5      | Reached skill level 1 in Throwing
  4197 | D:5      | Reached skill level 6 in Axes
  4214 | D:5      | HP: 4/91 [water moccasin (4)]
  4214 | D:5      | Mangled by an ogre

Illustrated notes

Levels and vault maps discovered:
D:1:      dpeg_arrival_refuge, layout_loops_cross,
          chequers_ecumenical_altar_simple_redux, corexii_corridor_pit
D:2:      layout_loops_ring, uniq_natasha, uniq_terence
D:3:      layout_basic, uniq_grinder
D:4:      layout_cave_pools, grunt_temple_overflow_bloody_war
D:5:      layout_cave_pods, nicolae_ru_awakened_eye, nicolae_shop_fire_sale
          [nicolae_sub_dead_trees]

Skill      XL: |  1  2  3  4  5  6  7 |
---------------+----------------------+-----
Dodging        | 3 4 |  4.5
Fighting       | 4 5 |  5.1
Axes           | 3 5 6 |  6.1
Throwing       | 1 |  1.6
Shields        | 4 |  4.0

Action                   |  1- 3 |  4- 6 |  7- 9 || total
-------------------------+-------+-------+-------++-------
Melee: War axe           |    80 |   154 |    68 ||   302
       Tailslap          |     3 |    14 |     7 ||    24
Throw: Dart              |     1 |       |    32 ||    33
 Abil: Breathe Frost     |       |       |     1 ||     1
  Use: Scroll            |       |    13 |       ||    13
       Potion            |       |     8 |     3 ||    11
 Stab: Sleeping          |       |     1 |       ||     1
       Distracted        |       |       |     1 ||     1
Armor: Skin              |    25 |    58 |    54 ||   137
Dodge: Dodged            |    51 |   104 |    55 ||   210
Block: Buckler           |    21 |    37 |    28 ||    86

Table legend: (Time is in decaauts)
 A = Elapsed time spent in this place.
 B = Non-inter-level travel time spent in this place.
 C = Inter-level travel time spent in this place.
 D = Time resting spent in this place.
 E = Time spent auto-exploring this place.
 F = Levels seen in this place.
 G = Mean time per level.
                   A        B        C        D        E       F      G
               +--------+--------+--------+--------+--------+-----+--------+
         Total |   4306 |   4232 |     74 |    329 |   3156 |   5 |  861.2 |
       Dungeon |   4306 |   4232 |     74 |    329 |   3156 |   5 |  861.2 |
               +--------+--------+--------+--------+--------+-----+--------+

Top non-repeatable levels by time:
     D:2: 1530 daAuts
     D:3: 1105 daAuts
     D:1: 897 daAuts
     D:4: 605 daAuts
     D:5: 167 daAuts
